 Dungeon Crawl Stone Soup version 0.30.1-11-g7821555f0a (webtiles) character file.

Game seed: 5462159903759737528

956 pkoi the Grappler (level 7, -4/47 (51) HPs)
             Began as a Pale Draconian Monk on Nov 6, 2023.
             Was a Believer of Hepliaklqana.
             Slain by a wight
             ... wielding a +2 halberd
              (8 damage)
             ... on level 6 of the Dungeon.
             The game lasted 00:06:05 (4333 turns).

pkoi the Grappler (Pale Draconian Monk)             Turns: 4333, Time: 00:06:05

HP:   -4/47 (51)    AC:  7    Str: 14    XL:     7   Next: 91%
MP:   10/10         EV: 13    Int: 12    God:    Hepliaklqana [**....]
Gold: 202           SH:  0    Dex: 19    Spells: 6/6 levels left

rFire   . .          .
                       - Unarmed
rCold   . . .        b - orb {light}
rNeg    + . .        (body armour unavailable)
rPois   .            z - +1 hat
rElec   .            (no cloak)
rCorr   .            (no gloves)
SInv    .            (no boots)
Will    .....        (no amulet)
Stlth   +            d - +6 ring of dexterity
HPRegen 0.27/turn    x - ring of positive energy
MPRegen 0.12/turn

%: no passive effects
@: confused, ambrosia-drunk, glowing, drained
A: reduced essence, breathe steam, AC +6, unfitting armour, cold-blooded, steam
resistance
a: Breathe Steam, Renounce Religion, Recall Ancestor, Ancestor Identity


You were on level 6 of the Dungeon.
You worshipped Hepliaklqana.
Hepliaklqana was pleased with you.
You visited 2 branches of the dungeon, and saw 7 of its levels.

You collected 202 gold pieces.

Inventory:

Hand Weapons
 g - a +0 dagger
 k - a +1 sling of freezing
 t - a +2 whip of venom
Missiles
 j - 15 poisoned darts (quivered)
 w - 3 boomerangs of dispersal
Armour
 b - an orb of light (worn)
 z - a +1 hat (worn)
Jewellery
 d - a +6 ring of dexterity (left hand)
 r - a ring of resist corrosion
 x - a ring of positive energy (right hand)
Wands
 u - a wand of paralysis (7)
 y - a wand of quicksilver (9)
Scrolls
 h - a scroll of torment {unknown}
 i - 2 scrolls of identify
 m - a scroll of enchant weapon
 p - 3 scrolls of teleportation
 q - a scroll of immolation {unknown}
 s - a scroll of enchant armour
 v - a scroll of silence
Potions
 c - a potion of haste
 e - a potion of cancellation
 f - 5 potions of heal wounds
 l - a potion of brilliance {unknown}
 n - a potion of mutation
 o - 3 potions of might


   Skills:
 - Level 3.2 Fighting
 - Level 2.6 Dodging
 + Level 8.6 Unarmed Combat
 + Level 4.5 Invocations


You had 6 spell levels left.
You didn't know any spells.
Your spell library contained the following spells:

 Spells                   Type           Power      Damage    Failure   Level
 Apportation              Tloc           0%         N/A       32%         1
 Necrotise                Necr           0%         1d4       32%         1
 Summon Small Mammal      Summ           0%         N/A       32%         1
 Hailstorm                Conj/Ice       0%         3d3       69%         3
 Animate Dead             Necr           0%         N/A       97%         4
 Ice Form                 Ice/Tmut       0%         N/A       97%         4
 Borgnjor's Vile Clutch   Necr/Erth      0%         N/A       100%        5
 Death Channel            Necr           0%         N/A       100%        6
 Simulacrum               Ice/Necr       0%         N/A       100%        6


Dungeon Overview and Level Annotations

Branches:
Dungeon (6/15)             Temple (1/1) D:4

Altars:
Ashenzari
Dithmenos
Elyvilon
Fedhas
Gozag
Hepliaklqana
Kikubaaqudgha
Makhleb
Nemelex Xobeh
Ru
Sif Muna
Trog
Uskayaw
Vehumet
Yredelemnul
The Shining One


Innate Abilities, Weirdness & Mutations

Your life essence is reduced to manifest your ancestor. (-10% HP)
You can breathe blasts of scalding, opaque steam.
Your pale cyan-grey scales are hard. (AC +6)
You cannot fit into any form of body armour.
You are cold-blooded and may be slowed by cold attacks.
You are immune to the effects of steam.


Message History

Found a stone staircase leading down.
A wight comes into view. It is wielding a +2 halberd.
A wight is nearby!
A wight comes into view. It is wielding a +0 flail.
A wight comes into view. It is wielding a +3 spear.
The wight barely misses you.
Your +2 whip of venom stops dripping with poison.
You are now empty-handed.
You hit the wight but do no damage. You hit the wight.
The wight is lightly damaged.
The wight hits you from afar with a +2 halberd!
You partially resist.
You feel drained.
Dara closely misses the wight.
You completely miss the wight.
The wight is lightly damaged.
The wight hits you from afar with a +3 spear.
The wight hits you from afar with a +2 halberd!
You partially resist.
You feel drained.
A hound comes into view.
The wight hits you with a +3 spear. The wight hits you with a +2 halberd!
* * * LOW HITPOINT WARNING * * *
The wight hits you with a +0 flail.
* * * LOW HITPOINT WARNING * * *
You partially resist.
You feel drained.
Unknown command.
The wight attacks as you move away! The wight closely misses you.
Dara closely misses the wight.
The wight completely misses you. The wight closely misses you.
You see here a fuming amethyst potion.
You are confused.
You feel invigorated.
The wight hits you from afar with a +3 spear!
* * * LOW HITPOINT WARNING * * *
You partially resist.
You feel drained.
* * * LOW HITPOINT WARNING * * *
The wight barely misses you. The wight closely misses you.
Dara closely misses the wight.
The wight misses you.
The wight hits you from afar with a +2 halberd!
You die...

##.###### ##.##
##.# ####.####
..<# #.......#
.. ####
#.##.##.#..#
#.......#..#
#.##........
#.#........#
#.###.#...>.....
#.....@z....#...
#.###..R....#.##
###zz#### #
#h... .....#
#.....# #.....#
#.....# #.....#


You could see the friendly Dara the knight, a hound and 3 wights.

Vanquished Creatures
  An ogre (D:5)
  A bullfrog (D:6)
  2 scorpions (D:5)
  A hound (D:5)
  2 iguanas
  2 orc wizards (D:6)
  Robin (D:2)
  2 gnolls (D:5)
  2 adders (D:2)
  An ufetubus (D:6)
  A worm (D:2)
  3 dart slugs
  4 orcs
  6 endoplasms
  A giant cockroach (D:2)
  6 goblins
  16 hobgoblins
  11 jackals
  6 kobolds
  7 quokkas
  9 ball pythons
  5 bats
  2 frilled lizards (D:1)
  8 rats
100 creatures vanquished.

Vanquished Creatures (collateral kills)
  An ice beast (D:6)
  A sky beast (D:6)
  A scorpion (D:6)
  A sleepcap (D:5)
  2 iguanas
  2 orc wizards (D:6)
  A gnoll (D:5)
  An ufetubus (D:5)
  7 orcs
17 creatures vanquished.

Vanquished Creatures (others)
  A knight (D:5)
1 creature vanquished.

Grand Total: 118 creatures vanquished

Notes
Turn   | Place    | Note
-------+----------+-------------------------------------------
     0 | D:1      | pkoi the Draconian Monk began the quest for the Orb.
     0 | D:1      | Reached XP level 1. HP: 19/19 MP: 1/1
    36 | D:1      | Reached XP level 2. HP: 16/26 MP: 2/2
   480 | D:1      | Reached skill level 4 in Unarmed Combat
   507 | D:1      | Found a faded altar of an unknown god.
   556 | D:1      | Reached XP level 3. HP: 25/31 MP: 3/3
   960 | D:2      | Noticed Robin
  1002 | D:2      | Reached XP level 4. HP: 36/38 MP: 4/4
  1008 | D:2      | Reached skill level 5 in Unarmed Combat
  1283 | D:2      | Killed Robin
  2453 | D:4      | Found a staircase to the Ecumenical Temple.
  2471 | Temple   | Entered the Ecumenical Temple
  2571 | Temple   | Became a worshipper of Hepliaklqana the Forgotten
  2571 | Temple   | Reached * piety under Hepliaklqana
  2571 | Temple   | Reached ** piety under Hepliaklqana
  2572 | Temple   | Remembered your ancestor Dara as a knight
  2670 | D:4      | Reached XP level 5. HP: 39/40 MP: 5/5
  2704 | D:4      | Found a sparkling altar of Nemelex Xobeh.
  2857 | D:5      | Entered Level 5 of the Dungeon
  2945 | D:5      | Reached skill level 6 in Unarmed Combat
  2982 | D:5      | Noticed an ogre
  2994 | D:5      | Killed an ogre
  3129 | D:5      | Reached XP level 6. HP: 36/45 MP: 6/6
  3130 | D:5      | Reached skill level 7 in Unarmed Combat
  3214 | D:5      | Reached skill level 1 in Invocations
  3300 | D:5      | Found a shadowy altar of Dithmenos.
  3689 | D:6      | Noticed a sky beast
  3698 | D:6      | Killed a sky beast
  3699 | D:6      | Your scales start taking on a pale cyan-grey colour.
  3699 | D:6      | Reached XP level 7. HP: 44/51 MP: 8/8
  3699 | D:6      | Gained mutation: You are immune to the effects of steam.
                  | [Pale Draconian growth]
  3754 | D:6      | Identified the -2 pair of boots "Heshac" {rC+ Regen+}
  3778 | D:6      | Reached skill level 8 in Unarmed Combat
  4332 | D:6      | HP: 2/48 [wight/+3 spear (7)]
  4333 | D:6      | Slain by a wight

Illustrated notes

Levels and vault maps discovered:
D:1:      amcnicky_arrival_wind_blow, layout_basic,
          chequers_ecumenical_altar_simple, hangedman_decor_diamond_cutter,
          st_stairs_5
D:2:      layout_rooms, uniq_robin
D:3:      layout_loops_ring, kennysheep_generic_room_8
D:4:      layout_rooms, mainiacjoe_overflow_tiny_flanked,
          minmay_temple_entry_glassed_door
D:5:      layout_basic, nicolae_dithmenos_shadow_blocks, serial_rivers,
          chequers_serial_rivers_small_b, chequers_serial_rivers_small_b,
          chequers_serial_rivers_small_a, chequers_serial_rivers_micro_e
D:6:      layout_loops_cross, minmay_misc_feat_rugged
Temple:   jpeg_temple_clearing

Skill      XL: |  1  2  3  4  5  6  7 |
---------------+----------------------+-----
Unarmed Combat | 4 5 6 7 8 |  8.6
Invocations    | 2 4 |  4.5
Fighting       | |  3.2
Dodging        | |  2.6

Action                     |  1- 3 |  4- 6 |  7- 9 || total
---------------------------+-------+-------+-------++-------
  Melee: Unarmed           |   121 |   127 |     3 ||   251
         Tailslap          |    17 |    21 |     4 ||    42
         Whip              |       |    11 |    23 ||    34
 Invoke: Ancestor Life: Kn |       |     1 |       ||     1
         Ancestor Identity |       |     1 |       ||     1
         Recall Ancestor   |       |     1 |       ||     1
    Use: Scroll            |     6 |     7 |       ||    13
         Potion            |     2 |     2 |     1 ||     5
 Armour: Skin              |    45 |    27 |     7 ||    79
  Dodge: Dodged            |    99 |    87 |    32 ||   218
